 Dungeon Crawl Stone Soup version 0.26-b1-32-g5d43845318 (webtiles) character file.

Game seed: 1555573222081488142

2091 Arthanis the Cleaver (level 9, -4/57 HPs)
             Began as a Gargoyle Berserker on Jan 9, 2021.
             Was a Priest of Trog.
             Engulfed by an orc wizard's freezing vapour (24 damage)
             ... on level 6 of the Dungeon.
             The game lasted 00:05:22 (5755 turns).

Arthanis the Cleaver (Gargoyle Berserker)           Turns: 5755, Time: 00:05:23

Health: -4/57      AC: 19    Str: 21    XL:     9   Next: 27%
Magic:  9/9        EV:  7    Int: 11    God:    Trog [***...]
Gold:   250        SH:  0    Dex:  9    Spells: 8/8 levels left

rFire    . . .     SeeInvis .   a - +0 hand axe
rCold    . . .     Faith    +   (no shield)
rNeg     + . .     Spirit   .   j - +0 plate armour
rPois    ∞         Reflect  .   (no helmet)
rElec    +         Harm     .   (no cloak)
rCorr    +         Rampage  .   (no gloves)
Will     ++...                  (no boots)
Stlth    ..........             B - amulet of faith
HPRegen  1.19/turn              C - +4 ring of slaying
MPRegen  0.11/turn              m - ring of resist corrosion

@: berserk cooldown, regenerating, slowed, studying Fighting, very slow
A: negative energy resistance 1, electricity resistance, unbreathing,
petrification resistance, miasma immunity, AC +6
a: Renounce Religion, Berserk, Trog's Hand


You were on level 6 of the Dungeon.
You worshipped Trog.
Trog was most pleased with you.
You visited 1 branch of the dungeon, and saw 6 of its levels.

You collected 250 gold pieces.

Inventory:

Hand Weapons
 a - a +0 hand axe (weapon)
 l - a +0 spear
Armour
 b - a +0 animal skin
 j - a +0 plate armour (worn)
Jewellery
 m - a ring of resist corrosion (right hand)
 B - an amulet of faith (around neck)
 C - a +4 ring of slaying (left hand)
Wands
 n - a wand of acid (5)
 r - a wand of polymorph (6)
 F - a wand of flame (4)
Scrolls
 d - a scroll of enchant weapon {unknown}
 e - 2 scrolls of identify {unknown}
 h - 2 scrolls of fear {unknown}
 k - a scroll of immolation {unknown}
 s - 3 scrolls of blinking {unknown}
 t - 2 scrolls of remove curse {unknown}
 w - 3 scrolls of enchant armour {unknown}
 y - a scroll of acquirement {unknown}
 z - a scroll of holy word {unknown}
 A - a scroll of magic mapping {unknown}
Potions
 c - 2 potions of lignification {unknown}
 f - 4 potions of curing {unknown}
 g - 3 potions of heal wounds {unknown}
 i - 2 potions of magic {unknown}
 o - 3 potions of degeneration {unknown}
 p - a potion of ambrosia {unknown}
 q - 3 potions of mutation {unknown}
 u - a potion of attraction {unknown}
 v - a potion of flight {unknown}
 x - a potion of might {unknown}
 E - a potion of cancellation {unknown}
Books
 D - a manual of Fighting


   Skills:
 + Level 7.5 Fighting
 * Level 8.4 Axes
 + Level 6.0 Armour
 - Level 2.0 Dodging
 + Level 0.4 Evocations


You had 8 spell levels left.
You didn't know any spells.
Your spell library contained the following spells:

 Spells                   Type           Power        Failure   Level
 Sting                    Tmut/Pois      0%           100%        1
 Poisonous Vapours        Pois/Air       0%           100%        2
 Ignite Poison            Fire/Tmut/Pois 0%           100%        3
 Mephitic Cloud           Conj/Pois/Air  0%           100%        3
 Olgreb's Toxic Radiance  Pois           0%           100%        4


Dungeon Overview and Level Annotations

Branches:
Dungeon (6/15)             Temple (0/1) D:5

Altars:
Ashenzari
Dithmenos
Elyvilon
Fedhas
Gozag
Kikubaaqudgha
Makhleb
Ru
Vehumet


Innate Abilities, Weirdness & Mutations

You are resistant to torment.
Your stone body is resilient. (AC +6)
You are immune to poison.
You resist negative energy. (rN+)
You are resistant to electric shocks. (rElec)
You can survive without breathing.
You are immune to petrification.
You are immune to miasma.


Message History

You hit the orc warrior but do no damage.
The orc wizard casts a spell at you.
The magic dart hits you but does no damage.
The orc warrior closely misses you.
You hit the orc warrior.
The orc warrior is severely wounded.
You closely miss the orc wizard. The orc wizard casts a spell at you.
The puff of frost hits you!
The orc wizard hits you but does no damage.
The orc warrior hits you but does no damage.
Your skin crawls.
You feel strong-willed.
The orc wizard hits you but does no damage.
The orc warrior hits you with a +0 mace.
The orc wizard hits you but does no damage.
You hit the orc warrior but do no damage.
The orc warrior is severely wounded.
You slash the orc wizard!
You are engulfed in freezing vapours.
You die...

......#.......#.#
......#.......#.#
.........._.....#
......#.......#.#
......#.......#.#
......##.....##†##
...(..####.####..# ##
.................#..#...
......########..@o......
#....## #...)o.....#
.....# #............
)÷..## ##...........
..#..## #.........##
###...# #.........#..
.###..# ..............
..###.###....##........
....#.........


You could see an orc warrior and an orc wizard (fast).

Vanquished Creatures
  Sigmund (D:2)
  Eustachio (D:6)
  Duvessa (D:5)
  An orc warrior (D:6)
  A sky beast (D:6)
  3 ogres (D:5)
  A phantom (D:4)
  3 centaurs (D:6)
  Blork the orc (D:6)
  A bullfrog (D:6)
  Dowan (D:5)
  A centaur zombie (D:4)
  3 hounds
  A bullfrog skeleton (D:4)
  A centaur skeleton (D:5)
  2 orc priests
  A jelly (D:6)
  An iguana (D:5)
  6 worker ants
  4 orc wizards
  A worker ant zombie (D:6)
  3 gnolls (D:3)
  4 adders
  An ufetubus (D:6)
  An ooze (D:4)
  An adder skeleton (D:5)
  5 worms
  A dart slug (D:1)
  7 leopard geckos
  12 orcs
  A ball python (D:2)
  2 giant cockroaches
  7 goblins
  10 hobgoblins
  9 jackals
  6 kobolds
  3 quokkas
  7 bats
  5 frilled lizards
  A giant cockroach zombie (D:6)
  A quokka skeleton (D:5)
  5 rats (D:1)
128 creatures vanquished.

Vanquished Creatures (others)
  3 plants (D:2)
3 creatures vanquished.

Grand Total: 131 creatures vanquished

Notes
Turn   | Place    | Note
-------+----------+-------------------------------------------
     0 | D:1      | Arthanis the Gargoyle Berserker began the quest for the
                  | Orb.
     0 | D:1      | Reached XP level 1. HP: 14/14 MP: 1/1
   236 | D:1      | Reached XP level 2. HP: 18/19 MP: 2/2
   338 | D:1      | Reached skill level 3 in Axes
   610 | D:1      | Reached XP level 3. HP: 16/23 MP: 3/3
  1153 | D:2      | Found a shadowy altar of Dithmenos.
  1183 | D:2      | Found a sacrificial altar of Ru.
  1194 | D:2      | Reached ** piety under Trog
  1453 | D:2      | Reached XP level 4. HP: 21/29 MP: 4/4
  1786 | D:2      | Noticed Sigmund
  1795 | D:2      | Killed Sigmund
  1796 | D:2      | Reached skill level 4 in Axes
  1796 | D:2      | Reached XP level 5. HP: 34/34 MP: 5/5
  1871 | D:2      | Found a broken altar of Ashenzari.
  2016 | D:2      | Reached XP level 6. HP: 39/39 MP: 6/6
  2097 | D:2      | Found a blossoming altar of Fedhas.
  3354 | D:4      | Noticed a phantom
  3378 | D:4      | Killed a phantom
  3379 | D:4      | Reached skill level 5 in Axes
  3539 | D:4      | Reached XP level 7. HP: 41/44 MP: 7/7
  3563 | D:4      | Found an opulent altar of Gozag.
  3658 | D:4      | Reached skill level 5 in Fighting
  3758 | D:4      | Found an ancient bone altar of Kikubaaqudgha.
  3758 | D:4      | Found a radiant altar of Vehumet.
  4005 | D:5      | Entered Level 5 of the Dungeon
  4246 | D:5      | Noticed Duvessa
  4246 | D:5      | Noticed Dowan
  4271 | D:5      | Reached *** piety under Trog
  4284 | D:6      | Found a burning altar of Makhleb.
  4326 | D:6      | Reached skill level 6 in Axes
  4341 | D:6      | Reached skill level 5 in Armour
  4464 | D:5      | Found a staircase to the Ecumenical Temple.
  4570 | D:5      | Killed Dowan
  4571 | D:5      | Reached XP level 8. HP: 44/51 MP: 8/8
  4588 | D:5      | Killed Duvessa
  5111 | D:5      | Reached skill level 7 in Axes
  5326 | D:6      | Noticed Eustachio
  5497 | D:6      | Killed Eustachio
  5498 | D:6      | Reached XP level 9. HP: 57/57 MP: 9/9
  5525 | D:6      | Reached skill level 8 in Axes
  5545 | D:6      | Noticed Blork the orc
  5557 | D:6      | Killed Blork the orc
  5719 | D:6      | Found a white marble altar of Elyvilon.
  5755 | D:6      | Engulfed by an orc wizard's freezing vapour

Illustrated notes

Levels and vault maps discovered:
D:1:      roderic_crossed_star, layout_basic, minmay_tripent
D:2:      layout_rooms, grunt_dithmenos_smoke_and_mirrors, ashenzari_altar_1,
          nicolae_overflow_hidden_temple, serial_bayou_lagoon_a,
          nicolae_ru_awakened_eye, uniq_sigmund
D:3:      layout_basic
D:4:      layout_rooms, overflow_temple_1_default,
          gammafunk_temple_overflow_elements
D:5:      layout_rooms, minmay_temple_entry_trees, kennysheep_donut,
          grunt_ministairs_10, uniq_duvessa
D:6:      layout_cave_pools, old_standard_altar, lemuel_blue_sif_altar,
          general_overflow_altar, minmay_manual_mares, uniq_blork_the_orc,
          uniq_eustachio

Skill      XL: |  1  2  3  4  5  6  7  8  9 |
---------------+----------------------------+-----
Axes           | 3 4 5 6 7 8 |  8.4
Dodging        | 2 |  2.0
Fighting       | 4 5 7 |  7.5
Armour         | 3 4 5 6 |  6.0
Evocations     | |  0.4

Action                   |  1- 3 |  4- 6 |  7- 9 || total
-------------------------+-------+-------+-------++-------
Melee: Hand axe          |   117 |   147 |   299 ||   563
Invok: Berserk           |       |     2 |     9 ||    11
       Trog's Hand       |       |       |     3 ||     3
 Stab: Sleeping          |       |     1 |       ||     1
Armor: Animal skin       |    45 |     5 |       ||    50
       Plate armour      |       |    89 |   265 ||   354
Dodge: Dodged            |    77 |    53 |   139 ||   269
